Map: [ESL] Inside and Out

Players

Astrea

  • Race: Protoss Protoss
  • League: Master
  • Spawn Location: 7:00

LiquidClem (Clem) - Winner!

  • Race: Terran Terran
  • Spawn Location: 1:00

Event: HomeStory Cup XXI

VOD

Have the link to the VOD?

Description

Time

  • Played on: July 24, 2022, 3:01 p.m.
  • Length: 28:17

All games in this series

Show
View Real Time Build Order
Export as new Build Order

Astrea Protoss 

Build Orders: 1 Gate Expand, Phoenix Opening, Blink Stalkers 

Get SALT Encoding   

  12  0:00  Probe  
  13  0:12  Probe  
  14  0:16  Pylon  
  14  0:24  Probe (Chrono Boost)  
  16  0:36  Probe (Chrono Boost), Gateway  
  16  0:42  Probe (Chrono Boost)  
  16  0:45  Assimilator  
  17  0:50  Probe  
  18  1:03  Probe  
  19  1:15  Probe  
  20  1:21  Nexus  
  20  1:31  Cybernetics Core  
  20  1:34  Probe  
  20  1:39  Assimilator  
  21  1:46  Probe  
  22  1:48  Pylon  
  22  1:58  Probe  
  23  2:04  Adept (Chrono Boost)  
  23  2:08  Warp Gate  
  25  2:10  Probe (Chrono Boost)  
  26  2:19  Probe (Chrono Boost)  
  26  2:20  Twilight Council  
  27  2:25  Probe (Chrono Boost)  
  28  2:33  Probe (Chrono Boost)  
  30  2:43  Probe (Chrono Boost)  
  31  2:44  Stalker, Probe (Chrono Boost)  
  31  2:50  Probe x2 (Chrono Boost), Blink (Chrono Boost)  
  35  3:01  Probe  
  35  3:03  Probe  
  37  3:07  Gateway  
  37  3:13  Probe  
  37  3:15  Probe  
  37  3:16  Sentry  
  41  3:23  Pylon  
  41  3:25  Probe  
  42  3:28  Probe  
  43  3:37  Probe  
  43  3:40  Probe  
  45  3:46  Nexus  
  44  3:49  Probe  
  44  3:51  Phoenix  
  44  3:52  Probe  
  43  3:59  Pylon  
  43  4:01  Probe  
  43  4:02  Stalker x2  
  48  4:04  Probe  
  49  4:13  Probe  
  49  4:16  Probe  
  51  4:17  Robotics Facility  
  51  4:22  Assimilator  
  51  4:25  Stalker x2, Probe  
  51  4:28  Probe  
  57  4:35  Assimilator  
  57  4:38  Probe  
  58  4:39  Pylon  
  58  4:40  Probe  
  59  4:46  Charge (Chrono Boost)  
  59  4:50  Pylon, Probe (Chrono Boost)  
  61  4:54  Probe (Chrono Boost)  
  61  4:59  Templar Archives  
  61  5:00  Probe (Chrono Boost)  
  64  5:08  Probe (Chrono Boost)  
  64  5:10  Probe x2 (Chrono Boost)  
  64  5:11  Observer  
  64  5:14  Gateway  
  67  5:15  Probe x2 (Chrono Boost)  
  67  5:16  Gateway  
  67  5:19  Probe (Chrono Boost), Gateway  
  69  5:21  Gateway  
  69  5:28  Gateway  
  70  5:29  Psionic Storm  
  70  5:32  Probe (Chrono Boost), Gateway  
  70  5:35  Probe (Chrono Boost)  
  71  5:40  Probe, High Templar  
  74  5:44  Probe  
  74  5:46  Probe  
  74  5:52  Probe  
  74  5:53  High Templar  
  74  5:55  Gateway  
  74  5:56  Probe  
  78  6:04  Immortal (Chrono Boost)  
  78  6:06  Shield Battery  
  82  6:18  Zealot x5  
  92  6:20  Pylon  
  92  6:23  Pylon  
  92  6:28  Pylon  
  92  6:31  Pylon  
  90  6:40  Zealot x5  
  90  6:44  Zealot x2  
  104  6:51  Zealot x2  
  108  6:57  Forge  
  108  7:00  Forge  
  94  7:11  Zealot x7  
  88  7:19  High Templar x2  
  88  7:21  Probe x3 (Chrono Boost)  
  95  7:27  Protoss Ground Weapons Level 1 (Chrono Boost)  
  94  7:31  Probe (Chrono Boost)  
  94  7:32  Probe (Chrono Boost)  
  94  7:37  High Templar x3  
  101  7:42  Zealot x4  
  101  7:43  Protoss Ground Armor Level 1 (Chrono Boost)  
  111  7:44  Probe  
  111  7:47  Probe x2  
  111  7:48  Assimilator  
  111  7:49  Assimilator  
  110  7:56  Robotics Bay  
  110  7:59  Shield Battery  
  110  8:05  Zealot x5  
  113  8:11  Zealot x3  
  106  8:15  Probe x3  
  106  8:19  Observer  
  109  8:21  Immortal (Chrono Boost)  
  109  8:30  Robotics Facility  
  105  8:34  Observer  
  105  8:45  Extended Thermal Lance  
  111  8:57  Pylon  
  111  9:00  Stalker x6, Pylon, Colossus (Chrono Boost)  
  123  9:11  Nexus  
  123  9:15  Colossus (Chrono Boost)  
  125  9:29  Zealot x5  
  125  9:30  Archon  
  133  9:35  Stalker  
  133  9:36  High Templar  
  135  9:44  Protoss Ground Armor Level 2 (Chrono Boost)  
  134  9:47  Pylon x2  
  134  9:50  Observer  
  134  9:54  Protoss Ground Weapons Level 2 (Chrono Boost)  
  134  9:56  Pylon  
  134  9:58  Pylon  
  134  9:59  Pylon  
  134  10:08  Archon  
  127  10:14  Warp Prism  
  127  10:17  High Templar x2, Zealot x7  
  145  10:34  Colossus  
  151  10:41  Nexus  
  151  10:42  Sentry  
  153  10:44  Stalker x3  
  153  10:48  Pylon  
  157  11:00  Probe x3  
  157  11:02  Pylon  
  124  11:25  Zealot x2  
  124  11:26  Zealot x7  
  124  11:29  Probe  
  124  11:31  Disruptor (Chrono Boost)  
  124  11:32  Disruptor (Chrono Boost)  
  117  11:36  Observer  
  117  11:37  Probe x2  
  125  11:41  Probe  
  125  11:46  High Templar x3  
  132  11:50  Probe  
  132  11:51  Observer, Probe  
  132  11:53  Shield Battery, High Templar  
  136  11:59  Disruptor x2  
  142  12:02  Photon Cannon  
  142  12:05  Pylon  
  142  12:06  Protoss Ground Armor Level 3 (Chrono Boost)  
  142  12:17  Nexus  
  142  12:22  Zealot x5  
  148  12:32  Zealot x4  
  148  12:34  Archon  
  148  12:38  Observer, Protoss Ground Weapons Level 3 (Chrono Boost)  
  148  12:41  Disruptor x2  
  148  12:50  Pylon  
  148  13:06  Zealot x6  
  148  13:09  Colossus, Zealot x2  
  148  13:10  Zealot  
  162  13:19  Colossus  
  173  13:29  High Templar  
  173  13:32  Photon Cannon  
  173  13:35  Pylon  
  173  13:36  Pylon  
  173  13:47  High Templar  
  173  13:48  Stalker x6, High Templar  
  189  13:55  Nexus  
  188  14:08  Archon  
  182  14:12  Zealot x7  
  174  14:21  Disruptor  
  174  14:22  Disruptor  
  177  14:34  Pylon  
  177  14:35  High Templar x2  
  177  14:38  Stalker x5  
  191  14:41  Nexus  
  186  14:58  Observer x2  
  176  15:04  Archon  
  170  15:11  Stalker  
  170  15:12  Stalker x5  
  170  15:13  Zealot x3  
  177  15:18  Colossus x2  
  181  15:32  Probe x5  
  182  15:41  Archon  
  180  15:46  High Templar, Zealot x8  
  190  15:56  Photon Cannon x2  
  190  15:57  Pylon  
  190  15:59  Shield Battery  
  188  16:13  Observer x2  
  188  16:17  Observer  
  169  16:27  High Templar, Zealot x8  
  179  16:35  Archon  
  179  16:42  Assimilator  
  179  16:43  Assimilator  
  179  16:45  Protoss Shields Level 1 (Chrono Boost)  
  179  16:46  Pylon  
  179  16:52  Stalker x6, High Templar x2  
  179  16:54  Nexus  
  185  17:18  Stalker x7  
  183  17:34  Archon  
  162  17:48  Zealot x9  
  180  17:52  Nexus  
  150  18:17  Stalker x7  
  130  18:46  Disruptor  
  130  18:47  High Templar x2  
  137  19:03  Nexus  
  137  19:06  Observer  
  131  19:18  Pylon  
  131  19:20  Observer  
  131  19:23  Stalker x4  
  137  19:25  Pylon  
  137  19:27  Disruptor (Chrono Boost)  
  140  19:37  Zealot x3  
  146  19:40  Photon Cannon  
  146  19:42  Shield Battery  
  146  19:47  Observer  
  144  20:13  Stalker x5  
  144  20:14  Zealot x4  
  158  20:22  Probe x2  
  158  20:23  Probe x3  
  163  20:34  Probe x2  
  163  20:35  Probe  
  166  20:45  Assimilator x2  
  163  20:58  Photon Cannon, Shield Battery, Zealot x8  
  163  20:59  Zealot  
  163  21:02  Observer  
  181  21:11  Photon Cannon  
  181  21:13  Shield Battery  
  181  21:15  Photon Cannon  
  175  21:25  High Templar, Zealot x6  
  185  21:36  Assimilator  
  185  21:37  Photon Cannon, Assimilator  
  185  21:53  Stalker x2  
  185  21:54  Stalker x3  
  188  22:05  Zealot  
  188  22:06  Zealot x3  
  194  22:09  Probe x2  
  194  22:10  Probe  
  197  22:23  Stargate  
  197  22:27  Observer  
  197  22:28  Observer  
  165  22:40  High Templar, Zealot x5  
  165  22:41  Zealot x3  
  179  22:51  Observer x2  
  174  23:07  Pylon  
  174  23:18  Stalker x9  
  186  23:27  Archon  
  186  23:29  Observer  
  172  23:37  Disruptor  
  172  23:38  Disruptor  
  168  23:43  Fleet Beacon  
  168  23:45  Stargate  
  166  23:51  High Templar, Zealot  
  166  23:52  Zealot x5  
  176  24:07  Zealot x2  
  176  24:27  Zealot x3  
  176  24:28  Zealot x6  
  194  24:32  Protoss Air Weapons Level 1 (Chrono Boost)  
  194  24:35  Tempest (Chrono Boost)  
  199  24:44  Observer  
  199  24:59  Tempest (Chrono Boost)  
  191  25:09  High Templar x2  
  191  25:10  Pylon  
  191  25:12  Tempest (Chrono Boost)  
  198  25:27  Photon Cannon  
  198  25:28  Pylon  
  198  25:39  Tempest  
  191  25:58  Tempest  
  165  26:24  Stalker x9  
  98  26:49  Disruptor (Chrono Boost)  
  104  26:54  Stalker x9  
  104  26:55  Probe x3  
  104  26:56  Disruptor (Chrono Boost)  
  104  27:25  Disruptor  
  104  27:28  Stalker x3  
  107  27:34  Stalker  
  67  27:52  Stalker x2  
  57  27:58  Zealot  
Show
View Real Time Build Order
Export as new Build Order

LiquidClem Terran - Winner!

Build Orders: Reaper Expand 

Get SALT Encoding   

  12  0:00  SCV  
  13  0:12  SCV  
  14  0:17  Supply Depot  
  14  0:24  SCV  
  15  0:38  SCV  
  15  0:40  Barracks  
  16  0:43  Refinery  
  16  0:50  SCV  
  17  1:03  SCV  
  18  1:15  SCV  
  19  1:27  Orbital Command, Reaper  
  20  1:42  Command Center  
  20  1:54  SCV  
  21  1:57  Supply Depot  
  21  2:00  Marine  
  22  2:06  SCV  
  23  2:10  Factory  
  23  2:18  SCV  
  23  2:19  Refinery  
  23  2:22  Barracks Reactor  
  24  2:30  SCV  
  25  2:42  SCV  
  26  2:53  Orbital Command  
  26  2:54  SCV  
  26  2:57  Starport  
  27  2:59  Marine x2  
  27  3:01  Hellion  
  31  3:07  SCV  
  31  3:12  Supply Depot  
  32  3:17  Marine x2  
  32  3:19  SCV  
  35  3:20  SCV  
  35  3:23  Factory Tech Lab  
  36  3:31  SCV  
  36  3:32  SCV  
  38  3:34  Barracks  
  38  3:43  SCV  
  38  3:44  SCV  
  38  3:45  Marine x2  
  38  3:48  Factory Tech Lab  
  41  3:49  Raven  
  41  3:55  SCV  
  44  3:56  SCV  
  44  3:58  Supply Depot  
  44  4:00  Barracks  
  43  4:03  Marine x2  
  43  4:07  SCV, Siege Tank  
  43  4:08  SCV  
  50  4:12  Bunker  
  50  4:15  Refinery  
  50  4:19  SCV  
  50  4:20  SCV  
  50  4:21  Marine x2  
  54  4:31  SCV  
  54  4:32  SCV  
  54  4:34  Engineering Bay  
  54  4:36  Stimpack  
  56  4:38  Supply Depot, Marine  
  56  4:40  Marine  
  56  4:43  SCV  
  56  4:44  SCV  
  60  4:52  Combat Shield  
  60  4:53  Refinery, Marauder  
  60  4:57  Supply Depot  
  62  5:00  SCV x2, Marauder  
  62  5:03  Terran Infantry Weapons Level 1  
  62  5:07  Marine, Starport Reactor  
  66  5:08  Factory Reactor  
  66  5:10  Marine  
  66  5:12  SCV x2  
  70  5:16  Supply Depot  
  70  5:19  Marauder  
  72  5:25  Marauder  
  72  5:26  Supply Depot, Marine  
  75  5:28  Marine  
  76  5:36  Command Center  
  76  5:41  Marauder  
  78  5:44  Medivac x2  
  78  5:45  Marine  
  78  5:47  Widow Mine  
  87  5:50  Widow Mine  
  87  5:53  Marauder  
  87  5:54  Supply Depot  
  87  5:56  Marine  
  90  5:57  SCV x2  
  90  6:02  Marauder  
  93  6:05  Marine  
  94  6:15  Barracks x2, Marauder  
  94  6:16  Widow Mine x2  
  98  6:20  Supply Depot  
  98  6:21  Medivac  
  98  6:23  Medivac  
  102  6:33  Supply Depot  
  102  6:34  Concussive Shells  
  102  6:35  Marine  
  102  6:36  SCV  
  102  6:41  Marine  
  102  6:42  SCV, Widow Mine x2  
  102  6:44  Marine  
  109  6:48  SCV  
  109  6:51  Supply Depot  
  109  6:52  Marauder  
  109  6:54  SCV  
  113  7:00  SCV  
  113  7:01  Marine  
  115  7:02  Marauder  
  115  7:05  Medivac x2  
  115  7:06  Marine  
  115  7:07  Barracks Tech Lab  
  115  7:09  SCV x2  
  115  7:14  Marauder  
  109  7:16  Widow Mine  
  109  7:19  SCV  
  109  7:21  SCV  
  112  7:22  Widow Mine  
  112  7:28  Orbital Command  
  112  7:31  SCV, Marine x2  
  112  7:32  Barracks Reactor  
  112  7:33  SCV  
  112  7:34  Marauder  
  118  7:37  Widow Mine  
  118  7:39  Marauder x2  
  118  7:42  Terran Infantry Armor Level 1  
  124  7:47  SCV  
  124  7:50  Ghost Academy  
  125  7:51  Supply Depot  
  125  7:55  Medivac  
  125  7:56  Medivac, Marauder  
  131  8:01  Marauder x2  
  131  8:03  Marine  
  131  8:04  Marine  
  135  8:08  Supply Depot  
  135  8:09  Marine x2  
  135  8:10  SCV  
  133  8:17  SCV x2, Marauder, Widow Mine x2  
  137  8:22  SCV, Marauder  
  137  8:23  Supply Depot  
  137  8:24  Ghost  
  141  8:29  SCV x2  
  143  8:34  SCV, Supply Depot  
  143  8:39  Marauder  
  146  8:41  Refinery  
  146  8:42  Refinery  
  146  8:43  Marauder  
  146  8:45  SCV x2  
  146  8:46  Engineering Bay, Armory  
  150  8:51  Viking  
  150  8:52  Viking  
  150  8:55  Ghost  
  156  9:00  Ghost  
  158  9:09  Command Center  
  158  9:13  Supply Depot  
  158  9:16  Ghost  
  160  9:19  Marine, Widow Mine  
  160  9:23  Ghost  
  162  9:27  Viking  
  162  9:28  Widow Mine  
  162  9:29  Marine x2  
  162  9:30  Marine  
  157  9:34  Marine  
  158  9:39  Terran Infantry Weapons Level 2  
  158  9:40  Widow Mine  
  158  9:41  Marine  
  158  9:43  SCV x3  
  158  9:44  Marine  
  165  9:49  Marine  
  165  9:50  Marine x2  
  165  9:52  Viking, Marauder  
  174  9:53  Marauder  
  174  9:55  SCV  
  175  10:03  Barracks x2  
  175  10:04  Barracks  
  175  10:06  Starport  
  173  10:07  SCV  
  173  10:08  SCV x2  
  173  10:15  Viking  
  173  10:20  SCV  
  176  10:22  SCV x2  
  176  10:26  Sensor Tower  
  176  10:27  Viking  
  176  10:31  Terran Infantry Armor Level 2  
  176  10:32  SCV  
  176  10:34  SCV x2  
  179  10:39  Enhanced Shockwaves  
  179  10:40  Terran Ship Weapons Level 1  
  179  10:44  SCV  
  179  10:45  Missile Turret  
  179  10:46  SCV  
  179  10:50  Missile Turret  
  179  10:53  Planetary Fortress  
  179  10:54  SCV  
  179  10:56  SCV  
  180  11:00  Ghost, Refinery  
  180  11:03  Refinery  
  179  11:05  Viking  
  179  11:08  Viking  
  183  11:12  Viking  
  183  11:13  Viking  
  186  11:24  Marauder x2  
  186  11:25  Marine  
  161  11:30  Marine, Marauder  
  149  11:35  Viking  
  149  11:36  SCV  
  149  11:38  Viking  
  150  11:40  Marine x2  
  150  11:45  Ghost, Command Center  
  150  11:46  Marauder  
  156  11:50  Barracks Tech Lab x2, Barracks Reactor  
  156  11:51  Marauder  
  156  12:03  Missile Turret  
  156  12:05  Marine x3  
  156  12:06  Marine, Sensor Tower  
  156  12:07  Marauder  
  162  12:12  Marauder  
  162  12:13  Marauder  
  162  12:14  Terran Infantry Weapons Level 3, Marauder  
  162  12:15  Marauder  
  170  12:22  Viking  
  168  12:23  Viking, Marine x3  
  168  12:28  Marauder  
  175  12:31  Marine  
  175  12:34  Marine, Marauder x2  
  175  12:35  Marauder  
  175  12:36  Marauder  
  182  12:37  Medivac  
  182  12:39  Marine  
  182  12:41  Marine  
  185  12:44  Medivac  
  185  12:46  Marine  
  185  12:49  Ghost  
  190  12:54  Command Center  
  190  12:55  Marauder  
  190  12:56  Marauder  
  190  12:57  Terran Infantry Armor Level 3, Marauder  
  190  13:04  Marine x2, Medivac  
  196  13:05  Marauder  
  196  13:09  Medivac  
  196  13:11  Marine  
  198  13:16  Marine x2  
  200  13:22  Terran Ship Weapons Level 2  
  200  13:25  Fusion Core  
  200  13:30  Command Center  
  200  13:31  Planetary Fortress  
  200  13:39  Refinery x2  
  200  13:40  Missile Turret  
  200  13:41  Personal Cloaking  
  200  13:50  Command Center  
  200  13:54  Sensor Tower  
  200  14:01  Marauder x2  
  200  14:04  Marine  
  200  14:09  Medivac  
  197  14:11  Marauder  
  197  14:12  Marauder  
  197  14:13  Marine  
  197  14:16  Marine, Medivac  
  196  14:17  Marauder  
  196  14:18  Marine  
  196  14:20  Marine  
  197  14:26  Marauder  
  197  14:27  Marine  
  188  14:32  Command Center  
  188  14:33  Liberator  
  188  14:34  Liberator  
  193  14:39  Liberator, Starport  
  193  14:40  Advanced Ballistics  
  193  14:44  Barracks Reactor  
  196  14:48  Liberator  
  193  14:54  Marine x2  
  193  14:55  Marine  
  183  15:00  Ghost  
  183  15:01  Ghost  
  183  15:06  Ghost  
  172  15:08  Marine  
  172  15:09  Marine  
  172  15:11  Marauder  
  166  15:14  Marine x2  
  166  15:16  Liberator x2  
  166  15:21  Marine  
  174  15:22  Marine  
  174  15:24  Marine  
  174  15:27  Marauder, Liberator  
  180  15:28  Ghost  
  180  15:30  Marine  
  180  15:31  Liberator  
  186  15:35  Ghost  
  186  15:36  Marine  
  186  15:38  Orbital Command  
  186  15:39  Ghost  
  190  15:44  Marine x2  
  190  15:46  Marauder  
  186  15:50  Marine x2  
  186  15:52  Marauder  
  186  15:55  Marine  
  186  15:56  Marine  
  192  15:59  Marauder, Liberator  
  192  16:04  Liberator  
  200  16:12  Planetary Fortress  
  194  16:21  Liberator  
  194  16:22  Marine, Marauder  
  194  16:23  Marauder  
  194  16:24  Marine  
  194  16:25  Marauder  
  188  16:26  Marine, Liberator  
  188  16:27  Marauder  
  188  16:28  Marauder  
  188  16:29  Marine x2  
  197  16:42  Liberator  
  197  16:45  Sensor Tower  
  200  16:51  Terran Ship Weapons Level 3  
  200  16:52  Nuke  
  200  16:55  Neosteel Armor  
  196  17:02  Liberator  
  196  17:06  Refinery  
  196  17:07  Refinery  
  199  17:10  Marine  
  199  17:11  Marine  
  199  17:12  Marauder  
  199  17:15  Marauder  
  195  17:16  Viking x2  
  199  17:23  Ghost  
  199  17:24  Marine  
  199  17:25  Marauder  
  199  17:26  Marine  
  199  17:28  Viking  
  197  17:30  Marauder  
  197  17:36  Marine, Marauder  
  187  17:38  Marine  
  187  17:40  Marauder  
  188  17:45  Viking  
  188  17:46  Viking x2  
  188  17:47  Marauder  
  198  17:51  Marauder  
  198  17:53  Marauder  
  198  18:06  Viking  
  198  18:08  Marine x2, Marauder  
  198  18:12  Marine x2, Marauder  
  166  18:14  Marine  
  166  18:15  Marine, Liberator  
  166  18:16  Marine, Liberator x2  
  149  18:22  Marine x2  
  148  18:30  Marine  
  148  18:33  Marine  
  144  18:34  Ghost  
  144  18:36  Marine, Liberator  
  144  18:39  Marine  
  138  18:43  Marine x3  
  138  18:48  Ghost  
  139  18:49  Ghost  
  139  18:51  Marine x2  
  139  18:52  Marine  
  139  18:55  Orbital Command  
  144  18:58  Liberator  
  144  18:59  Liberator  
  144  19:00  Marine  
  138  19:03  Ghost  
  138  19:08  Marauder  
  132  19:10  SCV  
  132  19:15  Ghost, SCV  
  132  19:16  SCV  
  136  19:18  Ghost  
  138  19:34  Liberator  
  138  19:42  SCV x2  
  138  19:44  Marine  
  138  19:45  Marauder x2  
  145  19:48  Liberator  
  145  19:50  SCV x3, Marine x2  
  153  19:59  Liberator  
  156  20:05  Marine, Liberator  
  160  20:11  Marine x2  
  160  20:13  Marine  
  163  20:16  Missile Turret  
  163  20:18  SCV x2  
  163  20:19  SCV  
  163  20:20  SCV  
  166  20:31  Liberator x2  
  170  20:39  Ghost  
  170  20:41  Marine  
  170  20:42  Liberator  
  173  20:52  Marauder  
  173  20:54  Missile Turret, Sensor Tower  
  175  21:04  Liberator  
  175  21:06  Orbital Command  
  175  21:07  Marine  
  177  21:13  Liberator  
  177  21:20  Ghost  
  177  21:21  Marine  
  177  21:24  Planetary Fortress  
  180  21:34  Marauder  
  180  21:36  Marine x5, Marauder  
  189  21:40  Marine  
  189  21:44  Ghost  
  189  21:45  Refinery x2  
  192  21:53  Ghost  
  192  21:57  Marine x4, Marauder  
  200  22:08  Marauder  
  199  22:11  Sensor Tower  
  199  22:12  Missile Turret  
  199  22:29  Marauder  
  180  22:33  Liberator x2  
  180  22:35  Marine, Marauder  
  180  22:36  Marine, Marauder x2, Liberator  
  168  22:37  Liberator  
  171  22:45  Marine, Marauder  
  171  22:50  Marine  
  175  22:58  Ghost  
  175  23:03  Ghost  
  176  23:05  Ghost  
  176  23:06  Ghost, Marine  
  176  23:10  Marine  
  176  23:11  Marine  
  176  23:12  Marauder  
  185  23:16  Marine, Liberator x2  
  185  23:19  Liberator  
  192  23:20  Liberator  
  192  23:22  Marine  
  192  23:26  SCV  
  188  23:29  Marauder  
  188  23:34  Ghost  
  165  23:35  Marine  
  165  23:37  Marine x2  
  168  23:45  Marine  
  168  23:46  Marine x2, Marauder  
  172  23:50  Marine x3  
  175  23:58  Liberator  
  175  23:59  Liberator  
  181  24:03  Marine, Marauder  
  181  24:05  Orbital Command, SCV  
  181  24:07  Ghost  
  181  24:08  Marauder  
  189  24:11  Viking  
  191  24:19  Marine  
  191  24:23  Liberator  
  195  24:28  Ghost  
  195  24:30  Marine  
  198  24:41  Viking  
  197  25:00  Liberator  
  200  25:10  Missile Turret  
  198  25:40  Viking  
  196  25:53  Viking x2  
  199  26:04  Viking  
  195  26:08  Marauder  
  195  26:10  Viking  
  189  26:13  Marine, Marauder x2  
  189  26:14  Marauder  
  189  26:17  Marine  
  197  26:22  Viking  
  197  26:23  Viking  
  195  26:26  Ghost  
  195  26:29  Marauder  
  184  26:33  Viking  
  184  26:34  Marauder  
  184  26:36  Marine  
  184  26:38  Marine x2, Marauder  
  176  26:40  Viking  
  176  26:41  Marauder  
  176  26:44  Marine  
  172  26:50  Marauder  
  172  26:52  Viking  
  172  26:53  Viking  
  153  27:24  Liberator  
  153  27:25  Liberator x3  
  153  27:27  Marauder  
  141  27:42  Marine  
  141  27:43  Marauder  
  137  27:49  Marine  
  127  27:51  Marauder  
  127  27:52  Marine  
  127  27:54  Marine  
  127  27:57  Marine  
Tags
 
Add a new tag
Caveats
  • Supply blocks, unpowered buildings, or Contaminate may cause inaccurate times.
  • Supply counts are checked every 10 seconds.